 Dungeon Crawl Stone Soup version 0.32-a0-163-g159c032296 (webtiles) character file.

Game seed: 14031451873515545680

1073 freelancePsychic the Trooper (level 8, -6/67 (70) HPs)
             Began as a Black Draconian Wanderer on Feb 11, 2024.
             Was an Initiate of Hepliaklqana.
             Shot themself with an orb of electricity (9 damage)
             ... on level 5 of the Dungeon.
             The game lasted 00:07:37 (4690 turns).

freelancePsychic the Trooper (DrWn)                 Turns: 4690, Time: 00:07:38

HP:   -6/67 (70)    AC:  6    Str: 14    XL:     8   Next: 7%
MP:   11/14         EV: 11    Int: 18    God:    Hepliaklqana [......]
Gold: 131           SH:  0    Dex:  8    Spells: 10/16 levels left

rFire   . . .        l - +0 falchion
rCold   . . .        (no shield)
rNeg    . . .        (body armour unavailable)
rPois   .            (helmet restricted)
rElec   +            (no cloak)
rCorr   .            (no gloves)
SInv    .            (no boots)
Will    .....        (no amulet)
Stlth   +            (no ring)
HPRegen 0.31/turn    (no ring)
MPRegen 0.14/turn

%: no passive effects
@: very slightly contaminated, lightly drained
A: breathe lightning, AC +6, unfitting armour, electricity resistance,
cold-blooded
a: Breathe Lightning, Renounce Religion


You were on level 5 of the Dungeon.
You worshipped Hepliaklqana.
Hepliaklqana was noncommittal.
You visited 1 branch of the dungeon, and saw 6 of its levels.

You collected 131 gold pieces.

Inventory:

Hand Weapons
 a - a +0 club
 l - a +0 falchion (weapon)
 s - a +0 longbow
Wands
 t - a wand of digging (4)
Scrolls
 c - 2 scrolls of vulnerability
 d - 3 scrolls of noise
 h - a scroll of enchant weapon
 j - a scroll of amnesia
 k - a scroll of blinking {unknown}
 n - a scroll of identify {@r1}
 q - a scroll of fog
 r - 3 scrolls of teleportation {@r4}
Potions
 b - 2 potions of brilliance
 f - 2 potions of magic {unknown}
 g - a potion of degeneration {unknown}
 i - a potion of curing {@q1}
 m - a potion of heal wounds {unknown}
 o - a potion of invisibility {unknown}
 p - 2 potions of mutation {unknown}


   Skills:
 + Level 6.1 Fighting
 - Level 1.7 Dodging
 - Level 1.0 Stealth
 + Level 4.6 Spellcasting
 + Level 5.8 Hexes
 - Level 1.0 Translocations
 - Level 1.0 Evocations


You had 10 spell levels left.
You knew the following spells:

 Your Spells              Type           Power      Damage    Failure   Level
a - Tukima's Dance        Hex            25%        N/A       3%          3
b - Inner Flame           Hex/Fire       14%        N/A       13%         3

Your spell library contained the following spells:

 Spells                   Type           Power      Damage    Failure   Level
 Slow                     Hex            100%       N/A       1%          1
 Confusing Touch          Hex            25%        N/A       3%          3
 Sigil of Binding         Hex            25%        N/A       3%          3
 Apportation              Tloc           14%        N/A       9%          1
 Gell's Gravitas          Tloc           7%         N/A       26%         3
 Hailstorm                Conj/Ice       4%         3d5       38%         3
 Summon Ice Beast         Ice/Summ       4%         N/A       38%         3
 Vampiric Draining        Necr           4%         2d6       38%         3
 Sculpt Simulacrum        Ice/Alch       2%         N/A       100%        6


Dungeon Overview and Level Annotations

Branches:
Dungeon (6/15)
 Temple: D:4-7

Altars:
Dithmenos
Hepliaklqana

Shops:
D:5 ?


Innate Abilities, Weirdness & Mutations

You can breathe wild blasts of lightning.
Your glossy black scales are hard. (AC +6)
You cannot fit into any form of body armour.
You are resistant to electric shocks. (rElec)
You are cold-blooded and may be slowed by cold attacks.


Message History

The sling bullet hits you. Something hits you but does no damage.
The wight hits you but does no damage.
You hear some strange, mumbled words.
Something tries to affect you, but you resist.
You barely miss the wight.
The wight is heavily damaged.
Something hits you. The wight hits you with a +0 battleaxe!
You feel drained.
You hear some strange, mumbled words.
A magic dart appears from out of thin air!
The magic dart hits you.
The wight shoots a sling bullet.
The sling bullet barely misses you.
There are monsters nearby!
The wight attacks as it pursues you! The wight closely misses you.
You see here a black bear skeleton.
There is a stone staircase leading up, spattered with blood here.
Casting: Tukima's Dance (dangerous; 3% risk of failure)
Confirm with . or Enter, or press ? or * to list all spells.
Aiming: Inner Flame (dangerous; 13% risk of failure)
Press: ? - help, Dir - move target, f - wight
Aim: a wight, wielding a +0 battleaxe and wearing a +0 robe (heavily damaged, chance to affect: 67%)
You miscast Inner Flame.
You are very lightly contaminated with residual magic.
Nothing appears to happen.
The wight barely misses you. The wight misses you.
You climb upwards.
Reactivating autopickup.
The ogre hits you with a +0 giant club.
* * * LOW HITPOINT WARNING * * *
There is a stone staircase leading down here.
The ogre hits you with a +0 giant club!
* * * LOW HITPOINT WARNING * * *
Activating: Breathe Lightning (4% risk of failure)
Press: ? - help, Dir - look around, f - activate You breathe a wild blast of lightning!
The orb of electricity explodes!
The orb of electricity engulfs you. You resist.
* * * LOW HITPOINT WARNING * * *
The orb of electricity explodes!
The orb of electricity engulfs you! You resist.
You die...
Hepliaklqana delivers you to your ancestors.

#..........# #..........#
###..........###########
#.........∩..##........#########
#....######)###........+†..(....
#....# ####'###.........#####...
#....# #......#............##...
#....# #............##§'##.....(
#....# #.......@.)..#§§§§#......
###### #......z###..#≈.§§#......
#######>O..))#≈⌠_≈#..?...
#.####[#≈≈≈≈#.(....
##'####.######......
#...................
#..........#........
#..........# #..........#


You could see a wight.

Vanquished Creatures
  2 black bears
  An ogre (D:3)
  A centaur (D:5)
  A scorpion (D:3)
  A bombardier beetle (D:5)
  A jelly (D:6)
  4 hounds
  3 iguanas (D:5)
  Jessica (D:2)
  Natasha (thrice) (D:3)
  2 adders
  2 ufetubi (D:6)
  2 ribbon worms
  2 dart slugs
  6 orcs
  10 bats
  10 endoplasms
  3 giant cockroaches
  9 goblins
  5 hobgoblins (D:1)
  5 jackals
  3 kobolds
  4 quokkas
  5 ball pythons
  2 frilled lizards (D:1)
  3 rats (D:1)
91 creatures vanquished.

Vanquished Creatures (collateral kills)
  2 ogres (D:5)
2 creatures vanquished.

Vanquished Creatures (others)
  2 dancing weapons
2 creatures vanquished.

Grand Total: 95 creatures vanquished

Notes
Turn   | Place    | Note
-------+----------+-------------------------------------------
     0 | D:1      | freelancePsychic the Draconian Wanderer began the quest for
                  | the Orb.
     0 | D:1      | freelancePsychic set off with the following items: a +0
                  | club, a potion of brilliance, a scroll of vulnerability;
                  | and the following spells available to memorise: Slow,
                  | Apportation, Tukima's Dance, Inner Flame, Gell's Gravitas.
     0 | D:1      | Reached XP level 1. HP: 16/16 MP: 2/2
   215 | D:1      | Reached XP level 2. HP: 9/24 MP: 3/3
   226 | D:1      | Reached skill level 2 in Fighting
   595 | D:1      | Reached XP level 3. HP: 28/30 MP: 4/4
   974 | D:2      | Learned a level 3 spell: Tukima's Dance
  1741 | D:2      | Noticed Jessica
  1747 | D:2      | Killed Jessica
  1748 | D:2      | Reached skill level 3 in Fighting
  1748 | D:2      | Reached XP level 4. HP: 28/38 MP: 4/6
  2037 | D:2      | You fall into a shaft and drop 1 floor!
  2188 | D:3      | Found a faded altar of an unknown god.
  2258 | D:3      | Noticed Natasha
  2281 | D:3      | Killed Natasha
  2412 | D:3      | Noticed Natasha
  2422 | D:3      | Killed Natasha
  2423 | D:3      | Reached XP level 5. HP: 45/45 MP: 6/8
  2529 | D:3      | Noticed an ogre
  2547 | D:3      | Killed an ogre
  2548 | D:3      | Reached skill level 4 in Fighting
  2740 | D:3      | Learned a level 3 spell: Inner Flame
  2879 | D:3      | Reached XP level 6. HP: 31/52 MP: 8/10
  2981 | D:3      | Found a hazy altar of Hepliaklqana.
  3019 | D:3      | Noticed Natasha
  3026 | D:3      | Killed Natasha
  3124 | D:3      | Became a worshipper of Hepliaklqana the Forgotten
  3370 | D:4      | Noticed a wyvern
  3477 | D:5      | Entered Level 5 of the Dungeon
  3775 | D:5      | Your scales start taking on a glossy black colour.
  3775 | D:5      | Reached XP level 7. HP: 26/60 MP: 12/12
  3775 | D:5      | Gained mutation: You are resistant to electric shocks.
                  | (rElec) [Black Draconian growth]
  3907 | D:5      | Reached skill level 5 in Fighting
  3907 | D:5      | Reached skill level 5 in Hexes
  4054 | D:5      | Found Polech's Magic Scroll Emporium.
  4192 | D:5      | Found a shadowy altar of Dithmenos.
  4434 | D:6      | Reached skill level 6 in Fighting
  4434 | D:6      | Reached XP level 8. HP: 23/70 MP: 14/14
  4690 | D:5      | HP: 3/67 [shot self (2)]
  4690 | D:5      | Shot themself with an orb of electricity

Illustrated notes

Levels and vault maps discovered:
D:1:      dpeg_arrival_radiant, layout_loops_cross
D:2:      layout_rooms, serial_co_window_serial, co_window_of_opportunity_a,
          co_window_paths_b, co_window_corner_a, co_window_corner_a,
          co_window_paths_a, co_window_corner_cb, co_window_corner_ca,
          co_window_corner_b, co_window_unsneaky_path_a, co_window_broadway_a,
          co_window_corner_ca, co_window_broadway_b, glass_columns_c,
          glass_columns_b, glass_columns_b, glass_columns_c, uniq_jessica
D:3:      layout_basic, nicolae_hepliaklqana_hippocampus,
          shapermc_ecumenical_altar_petra, uniq_natasha
D:4:      cheibrodos_pilgrimage, layout_basic, nzn_random_ring,
          uniq_blork_the_orc
D:5:      layout_basic, general_overflow_altar,
          minmay_temple_entry_stoned_glass, serial_shops, shop,
          ebering_ghost_disaster_area, hangedman_decor_clover_reticule
D:6:      layout_basic, serial_shops, shop, kennysheep_generic_room_4

Skill      XL: |  1  2  3  4  5  6  7 |
---------------+----------------------+-----
Hexes          | 3 4 5 |  5.8
Fighting       | 2 3 4 6 |  6.1
Spellcasting   | 2 3 4 |  4.6
Dodging        | |  1.7
Stealth        | |  1.0
Translocations | |  1.0
Evocations     | |  1.0

Action                     |  1- 3 |  4- 6 |  7- 9 || total
---------------------------+-------+-------+-------++-------
  Melee: Club              |   196 |       |       ||   196
         Tailslap          |    17 |    18 |    11 ||    46
         Falchion          |     8 |   151 |   104 ||   263
         Punch             |     1 |     2 |     1 ||     4
  Throw: Dart              |     5 |    14 |     3 ||    22
   Cast: Tukima's Dance    |       |     2 |     7 ||     9
Ability: Breathe Lightning |       |       |     4 ||     4
    Use: Potion            |     1 |       |       ||     1
         Scroll            |       |     8 |       ||     8
   Stab: Sleeping          |     1 |       |       ||     1
         Distracted        |       |       |     1 ||     1
 Armour: Skin              |   173 |   130 |   174 ||   477
  Dodge: Dodged            |   181 |   124 |   120 ||   425

Table legend: (Time is in decaauts)
 A = Elapsed time spent in this place.
 B = Non-inter-level travel time spent in this place.
 C = Inter-level travel time spent in this place.
 D = Time resting spent in this place.
 E = Time spent auto-exploring this place.
 F = Levels seen in this place.
 G = Mean time per level.
                   A        B        C        D        E       F      G
               +--------+--------+--------+--------+--------+-----+--------+
         Total |   4827 |   4644 |    183 |      0 |   3472 |   6 |  804.5 |
       Dungeon |   4827 |   4644 |    183 |      0 |   3472 |   6 |  804.5 |
               +--------+--------+--------+--------+--------+-----+--------+

Top non-repeatable levels by time:
     D:3: 1218 daAuts
     D:2: 1074 daAuts
     D:1: 1022 daAuts
     D:5: 794 daAuts
     D:6: 458 daAuts
     D:4: 259 daAuts
